 Dungeon Crawl Stone Soup version 0.31-a0-1309-gbf3fed316f (webtiles) character file.

Game seed: 14262775625042898407

116 Bnni the Digger (level 5, 0/38 HPs)
             Began as a Formicid Earth Elementalist on Dec 20, 2023.
             Slain by a gnoll
             ... wielding a +1 whip of holy wrath
              (7 damage)
             ... on level 2 of the Dungeon.
             The game lasted 00:02:29 (1463 turns).

Bnni the Digger (Formicid Earth Elementalist)       Turns: 1463, Time: 00:02:29

Health: 0/38       AC:  2    Str: 12    XL:     5   Next: 21%
Magic:  1/9        EV: 12    Int: 17    God:
Gold:   38         SH:  0    Dex: 14    Spells: 4/10 levels left

rFire   . . .        f - +1 dagger (vamp)
rCold   . . .        (no shield)
rNeg    . . .        a - +0 robe
rPois   .            (helmet unavailable)
rElec   .            (no cloak)
rCorr   .            (no gloves)
SInv    +            (no boots)
Will    .....        (no amulet)
Stlth   ++           (no ring)
HPRegen 0.26/turn    (no ring)
MPRegen 0.11/turn

%: no passive effects
@: very slightly contaminated
A: permanent stasis, dig shafts and tunnels, antennae 3, four strong arms
a: Dig, Shaft Self


You were on level 2 of the Dungeon.
You visited 1 branch of the dungeon, and saw 2 of its levels.

You collected 38 gold pieces.

Inventory:

Hand Weapons
 f - a +1 vampiric dagger (weapon)
Missiles
 e - 3 curare-tipped darts
Armour
 a - a +0 robe (worn)
 d - a +0 scale mail
Scrolls
 g - a scroll of amnesia {unknown}
 i - a scroll of identify {unknown}
 l - a scroll of fog {unknown}
 m - a scroll of teleportation {unknown}
Potions
 b - a potion of magic
 c - a potion of enlightenment {unknown}
 h - a potion of cancellation {unknown}
 j - 2 potions of ambrosia {unknown}
 k - a potion of heal wounds {unknown}
 n - a potion of invisibility {unknown}


   Skills:
 + Level 2.0 Fighting
 - Level 1.7 Dodging
 - Level 2.4 Stealth
 + Level 3.0 Spellcasting
 - Level 2.0 Transmutations
 * Level 5.2 Earth Magic


You had 4 spell levels left.
You knew the following spells:

 Your Spells              Type           Power      Damage    Failure   Level
a - Sandblast             Erth           40%        2d10      1%          1
b - Passwall              Tmut/Erth      11%        N/A       6%          2
c - Stone Arrow           Conj/Erth      22%        3d8       19%         3

Your spell library contained the following spells:

 Spells                   Type           Power      Damage    Failure   Level
 Petrify                  Tmut/Erth      14%        N/A       36%         4
 Call Canine Familiar     Summ           2%         N/A       45%         3
 Sigil of Binding         Hex            2%         N/A       45%         3
 Brom's Barrelling Bould  Conj/Erth      11%        2d3       52%         4
 Dimensional Bullseye     Hex/Tloc       1%         N/A       86%         4


Dungeon Overview and Level Annotations

Branches:
Dungeon (2/15)

Altars:


Innate Abilities, Weirdness & Mutations

You cannot be hasted, slowed, berserked, paralysed or teleported.
You can dig through walls and to a lower floor.
You have a pair of large antennae on your head. (SInv)
Your four strong arms can wield two-handed weapons with a shield.


Message History

Aiming: Sandblast (safe; 2% risk of failure)
Press: ? - help, Q - select action, (/) - cycle Shift-Dir - straight line, f - gnoll
Aim: a gnoll, wielding a +0 spear (84% to hit)
The blast of sand hits the gnoll!
You kill the gnoll!
The gnoll closely misses you.
Your Spellcasting skill increases to level 3!
Unknown command.
Unknown command.
Aiming: Sandblast (safe; 2% risk of failure)
Press: ? - help, Q - select action, (/) - cycle Shift-Dir - straight line, f - gnoll
Aim: a gnoll, wielding a +0 halberd (severely wounded, 84% to hit)
The blast of sand misses the gnoll. x2
The gnoll hits you from afar with a +0 halberd.
Unknown command.
Aiming: Sandblast (safe; 2% risk of failure)
Press: ? - help, Q - select action, (/) - cycle Shift-Dir - straight line, f/p - gnoll
Aim: a gnoll, wielding a +0 halberd (severely wounded, 84% to hit)
You miscast Sandblast.
You are very lightly contaminated with residual magic.
Nothing appears to happen.
The gnoll barely misses you.
Aiming: Sandblast (safe; 2% risk of failure)
Press: ? - help, Q - select action, (/) - cycle Shift-Dir - straight line, f/p - gnoll
Aim: a gnoll, wielding a +0 halberd (severely wounded, 84% to hit)
The blast of sand hits the gnoll.
The gnoll is severely wounded.
The gnoll closely misses you.
The gnoll hits you from afar with a +0 halberd!
* * * LOW HITPOINT WARNING * * *
Okay, then.
The gnoll closely misses you.
You see here a +0 flail.
You hit the gnoll.
You kill the gnoll!
Your Fighting skill increases to level 2!
You barely miss the gnoll. The gnoll misses you.
You barely miss the gnoll.
The gnoll hits you with a +1 whip of holy wrath!
You die...

#.# #....# #.# #....# #
#.# #######....#
#####.##.##......######
...†?............ .
.$...####.#....... .
... #.#.......
.....####.$....##
......g@.......#
.....######....# ...
.#..... . .......
##..... ....r ..?.


You could see a gnoll.

Vanquished Creatures
  4 adders (D:2)
  3 gnolls (D:2)
  2 dart slugs
  3 bats
  5 endoplasms (D:1)
  3 giant cockroaches
  4 goblins
  2 hobgoblins
  5 jackals
  4 kobolds
  A quokka (D:1)
  6 ball pythons
  2 frilled lizards (D:1)
  5 rats
49 creatures vanquished.

Notes
Turn   | Place    | Note
-------+----------+-------------------------------------------
     0 | D:1      | Bnni the Formicid Earth Elementalist began the quest for
                  | the Orb.
     0 | D:1      | Reached XP level 1. HP: 13/13 MP: 3/3
    74 | D:1      | Reached XP level 2. HP: 19/20 MP: 1/5
   354 | D:1      | Reached skill level 4 in Earth Magic
   511 | D:1      | Reached XP level 3. HP: 25/25 MP: 3/6
   564 | D:1      | Learned a level 2 spell: Passwall
   568 | D:1      | Learned a level 3 spell: Stone Arrow
   597 | D:1      | Reached skill level 1 in Fighting
  1019 | D:2      | Reached XP level 4. HP: 12/32 MP: 4/7
  1456 | D:2      | Reached skill level 5 in Earth Magic
  1456 | D:2      | Reached XP level 5. HP: 21/38 MP: 4/9
  1463 | D:2      | Slain by a gnoll

Illustrated notes

Levels and vault maps discovered:
D:1:      dpeg_arrival_boxes_within_box, layout_basic, hangedman_glass_teeth
D:2:      layout_basic

Skill      XL: |  1  2  3  4  5 |
---------------+----------------+-----
Earth Magic    | 4 5 |  5.2
Transmutations | 2 |  2.0
Fighting       | 1 2 |  2.0
Spellcasting   | 3 |  3.0
Dodging        | |  1.7
Stealth        | |  2.4

Action                     |  1- 3 |  4- 6 || total
---------------------------+-------+-------++-------
  Melee: Dagger            |    49 |    13 ||    62
         Punch             |       |     1 ||     1
   Cast: Sandblast         |    31 |    20 ||    51
   Stab: Distracted        |     1 |       ||     1
         Sleeping          |       |     1 ||     1
 Armour: Robe              |    34 |     8 ||    42
  Dodge: Dodged            |    52 |    13 ||    65

Table legend: (Time is in decaauts)
 A = Elapsed time spent in this place.
 B = Non-inter-level travel time spent in this place.
 C = Inter-level travel time spent in this place.
 D = Time resting spent in this place.
 E = Time spent auto-exploring this place.
 F = Levels seen in this place.
 G = Mean time per level.
                   A        B        C        D        E       F      G
               +--------+--------+--------+--------+--------+-----+--------+
         Total |   1487 |   1465 |     22 |      0 |   1187 |   2 |  743.5 |
       Dungeon |   1487 |   1465 |     22 |      0 |   1187 |   2 |  743.5 |
               +--------+--------+--------+--------+--------+-----+--------+

Top non-repeatable levels by time:
     D:1: 1000 daAuts
     D:2: 486 daAuts
